 Dungeon Crawl Stone Soup version 0.24-b1-30-g840c9efd86 (webtiles) character file.

Game seed: 14302138074342150744, levelgen mode: deterministic

325309 ChadPA the Champion of Chaos (level 20, -29/192 HPs)
             Began as a Deep Dwarf Fighter on Oct 23, 2019.
             Was the Champion of Makhleb.
             Killed from afar by a lich (68 damage)
             ... with an iron shot
             ... on level 5 of the Vaults.
             The game lasted 01:48:47 (34120 turns).

ChadPA the Champion of Chaos (Deep Dwarf Fighter)  Turns: 34120, Time: 01:48:48

Health: -29/192    AC: 40    Str: 27    XL:     20   Next: 73%
Magic:  29/29 (20) EV: 13    Int: 15    God:    Makhleb [******]
Gold:   1577       SH: 20    Dex: 19    Spells: 19/19 levels left

rFire    + . .     SeeInvis .   n - +6 broad axe (freeze)
rCold    + . .     Gourm    .   c - +5 shield
rNeg     + . .     Faith    .   W - +3 crystal plate armour {rC+}
rPois    +         Spirit   .   b - +2 helmet
rElec    .         Reflect  .   a - scarf {cloud immunity}
rCorr    .         Harm     .   P - +2 pair of gloves {archery}
MR       +++..                  (no boots)
Stlth    ..........             o - amulet "Gelag Sekhla" {Acrobat rF+ MP+9 Dex+5}
HPRegen  0.00/turn              B - ring "Coigry" {rPois Int+4 Dex+2}
MPRegen  0.21/turn              J - +5 ring of protection

@: non-regenerating
A: damage resistance, heal wounds, negative energy resistance 1, sense
surroundings 3, no regeneration
}: 2/15 runes: decaying, serpentine
a: Heal Wounds, Minor Destruction, Lesser Servant of Makhleb, Major Destruction,
Greater Servant of Makhleb, Renounce Religion


You were on level 5 of the Vaults.
You worshipped Makhleb.
Makhleb was exalted by your worship.
You were not hungry.

You visited 7 branches of the dungeon, and saw 36 of its levels.
You also visited: Ice Cave.

You collected 3932 gold pieces.
You spent 2355 gold pieces at shops.

Inventory:

Hand Weapons
 n - a +6 broad axe of freezing (weapon)
 r - a +2 demon trident of freezing
 F - the +7 mace of Variability {chain chaos}
   (You found it on level 8 of the Dungeon)

   Each time it hits an enemy it has a different, random effect.
 H - a +3 scimitar of flaming
Missiles
 K - 11 atropa-tipped darts (quivered)
 M - 6 curare-tipped darts
Armour
 a - a scarf of cloud immunity (worn)
 b - a +2 helmet (worn)
 c - a +5 shield (worn)
 O - the +1 plate armour of the Tormentor {rElec rN+ Int+3 SInv}
   (You found it on level 2 of the Swamp)

   It affects your intelligence (+3).
   It insulates you from electricity.
   It protects you from negative energy.
   It lets you see invisible.
 P - a +2 pair of gloves of archery (worn)
 W - a +3 crystal plate armour of cold resistance (worn)
Jewellery
 o - the amulet "Gelag Sekhla" (around neck) {Acrobat rF+ MP+9 Dex+5}
   (You bought it in a shop on level 2 of the Snake Pit)

   [amulet of the acrobat]

   It helps you evade while moving and waiting.
   It affects your dexterity (+5).
   It protects you from fire.
   It affects your magic capacity (+9).
 t - the amulet of False Pretenses {Reflect *Slow rPois Str+9 SH+3}
   (You took it off an ogre mage on level 3 of the Vaults)

   [amulet of reflection]

   It shields you and reflects attacks.
   It affects your strength (+9).
   It protects you from poison.
   It may slow you when you take damage.
   It affects your SH (+3).
 z - an uncursed ring of protection from fire
 B - the ring "Coigry" (left hand) {rPois Int+4 Dex+2}
   (You bought it in a shop on level 2 of the Snake Pit)

   [ring of poison resistance]

   It affects your intelligence (+4).
   It affects your dexterity (+2).
   It protects you from poison.
 J - a +5 ring of protection (right hand)
 V - an uncursed ring of flight
 X - an uncursed amulet of guardian spirit
 Z - an uncursed ring of positive energy
Wands
 m - a wand of disintegration (40)
 v - a wand of enslavement (26)
 w - a wand of flame (23)
 x - a wand of paralysis (7)
 A - a wand of iceblast (30)
 D - a wand of acid (9)
 E - a wand of clouds (4)
 Y - a wand of polymorph (16)
Scrolls
 e - a scroll of summoning
 g - 6 scrolls of fog
 h - 11 scrolls of remove curse
 k - 10 scrolls of identify
 q - 15 scrolls of teleportation
 y - 6 scrolls of blinking
 C - a scroll of fear
Potions
 d - 3 potions of might
 i - 2 potions of invisibility
 j - 9 potions of heal wounds
 l - a potion of magic
 p - 10 potions of curing
 u - a potion of ambrosia
 G - 2 potions of berserk rage
 I - 2 potions of brilliance
 L - 3 potions of lignification
 N - 3 potions of resistance
 Q - 2 potions of agility
 R - 3 potions of flight
 S - 3 potions of cancellation
 T - 3 potions of mutation
 U - 4 potions of haste
Comestibles
 f - 58 rations


   Skills:
 + Level 14.7 Fighting
 - Level 18.0 Axes
 + Level 17.0 Armour
 + Level 11.6 Dodging
 - Level 15.8 Shields
 + Level 18.8 Invocations
 - Level 15.6 Evocations


You had 19 spell levels left.
You didn't know any spells.
Your spell library contained the following spells:

 Spells                   Type           Power        Failure   Level  Hunger
 Animate Skeleton         Necr           N/A          99%         1    ##.....
 Apportation              Tloc           #.....       99%         1    ##.....
 Beastly Appendage        Tmut           #.....       99%         1    ##.....
 Confusing Touch          Hex            #.....       99%         1    ##.....
 Corona                   Hex            #......      99%         1    ##.....
 Flame Tongue             Conj/Fire      #....        99%         1    ##.....
 Infusion                 Chrm           #...         99%         1    ##.....
 Magic Dart               Conj           #...         99%         1    ##.....
 Pain                     Necr           #...         99%         1    ##.....
 Shock                    Conj/Air       #...         99%         1    ##.....
 Summon Butterflies       Summ           #.......     99%         1    ##.....
 Summon Small Mammal      Summ           #...         99%         1    ##.....
 Blink                    Tloc           N/A          100%        2    ###....
 Call Imp                 Summ           #.......     100%        2    ###....
 Ensorcelled Hibernation  Hex/Ice        #.....       100%        2    ###....
 Poisonous Vapours        Pois/Air       #.....       100%        2    ###....
 Shroud of Golubria       Chrm/Tloc      #.....       100%        2    ###....
 Slow                     Hex            #.......     100%        2    ###....
 Song of Slaying          Chrm           #.......     100%        2    ###....
 Sticks to Snakes         Tmut           #.......     100%        2    ###....
 Swiftness                Chrm/Air       #.......     100%        2    ###....
 Throw Flame              Conj/Fire      #.....       100%        2    ###....
 Call Canine Familiar     Summ           #.......     100%        3    ####...
 Confuse                  Hex            #.......     100%        3    ####...
 Conjure Flame            Conj/Fire      #.......     100%        3    ####...
 Dazzling Spray           Conj/Hex       #.....       100%        3    ####...
 Inner Flame              Hex/Fire       #.......     100%        3    ####...
 Mephitic Cloud           Conj/Pois/Air  #.......     100%        3    ####...
 Spectral Weapon          Hex/Chrm       #.......     100%        3    ####...
 Spider Form              Tmut/Pois      #.........   100%        3    ####...
 Static Discharge         Conj/Air       #.......     100%        3    ####...
 Tukima's Dance           Hex            #.......     100%        3    ####...
 Vampiric Draining        Necr           #.........   100%        3    ####...
 Airstrike                Air            #.........   100%        4    #####..
 Animate Dead             Necr           N/A          100%        4    #####..
 Ice Form                 Ice/Tmut       #.......     100%        4    #####..
 Sticky Flame             Conj/Fire      #.......     100%        4    #####..
 Blade Hands              Tmut           #.........   100%        5    ######.
 Fireball                 Conj/Fire      #.........   100%        5    ######.
 Lightning Bolt           Conj/Air       #.........   100%        5    ######.
 Summon Forest            Summ/Tloc      #.........   100%        5    ######.
 Freezing Cloud           Conj/Ice/Air   #.........   100%        6    #######
 Shadow Creatures         Summ           N/A          100%        6    #######
 Malign Gateway           Summ/Tloc      #.........   100%        7    #######
 Monstrous Menagerie      Summ           #.........   100%        7    #######
 Ring of Flames           Chrm/Fire      #.........   100%        7    #######
 Summon Greater Demon     Summ           #.........   100%        7    #######
 Summon Horrible Things   Summ           #.........   100%        8    #######
 Regeneration             Chrm/Necr      Unusable     N/A         3    N/A

Dungeon Overview and Level Annotations

Branches:
Dungeon (14/15)            Temple (1/1) D:5            Lair (6/6) D:10
  Swamp (4/4) Lair:4        Snake (4/4) Lair:3        Slime (0/5) Lair:5
    Orc (2/2) D:9          Vaults (5/5) D:13          Crypt (0/3) Vaults:2
  IceCv (visited)
    Elf: Orc:2

Altars:
Cheibriados
Dithmenos
Elyvilon
Fedhas
Gozag
Hepliaklqana
Kikubaaqudgha
Makhleb
Nemelex Xobeh
Okawaru
Qazlal
Ru
Sif Muna
Trog
Uskayaw
Vehumet
Wu Jian
Xom
Yredelemnul
Zin
The Shining One
Jiyva
Lugonu

Shops:
D:7 }   D:9 %   D:13 *([!   Orc:1 *   Orc:2 ?[:(   Snake:1 **   Snake:2 }=}
Vaults:4 ?

Portals:
Trove: Vaults:1 (give 16 scrolls of teleportation)

Annotations:
Lair:2 exclusion: downstairs
Lair:3 exclusion: downstairs
Lair:4 3 runed translucent doors, Vufrucs's ghost, journeyman DrTm
Lair:6 1 runed translucent door, exclusion: 4 oklob plants, sneaky's ghost, journeyman MiFi
Swamp:2 exclusion: downstairs
Snake:3 1 runed translucent door, vinnietd's ghost, adept HaFi


Innate Abilities, Weirdness & Mutations

You are resistant to damage.
You can heal yourself by infusing magical energy.
You resist negative energy. (rN+)
You passively map a large area around you.
You do not regenerate.


Message History

The stone giant completely misses you. Something hits you but does no damage.
You block the death knight's attack. You block the reaper's attack.
The yaktaur shoots a bolt.
The bolt hits you but does no damage.
The deep elf knight shoots an arrow.
The arrow hits you but does no damage.
You hear some strange, mumbled words.
An iron shot appears from out of thin air!
The iron shot hits you!!!!
* * * LOW HITPOINT WARNING * * *
An ironheart preserver comes into view. It is wielding a +0 morningstar.
The yaktaur shoots a bolt.
You block the bolt. You block the stone giant's attack.
Something completely misses you. You block the vault guard's attack.
The ironheart preserver shouts!
There is a stone staircase leading up, spattered with blood here.
Things that are here:
3 large rocks; 5 bolts You hear some strange, mumbled words.
An iron shot appears from out of thin air!
The iron shot hits you!!!
You die...

' * ,* , , * * *,
, #...#....#* ,**
*,, , #...#....#
.# ,,
*##...#....##..
*,,
,,....#....#C.. ,,
, , , ........cc..
,, *
######e.(..*..## *
* * ,
.....e2p)<<..... ,
,,
,....Wee(@{.<....
......{Cp<<..... ,
, ,,
....(..[O(......
,, , * *
######[)))....##*
* * ,
#............. ,,
, ,,,,
.....).#....#...,
, ...p...#....#...
,, ,, ,
......##....#,..,,
, ,, ...... #....#
, ,,


You could see an ironheart preserver, a stone giant, a death knight, a reaper, a
vault guard, a deep elf death mage, an ettin, a deep elf demonologist, a deep
elf knight, 2 yaktaurs, a freezing wraith, a deep elf mage, an ogre and a
battlesphere.

Vanquished Creatures
  Mennas (Vaults:5)
  Frederick (Vaults:4)
  A tentacled monstrosity (Vaults:3)
  A quicksilver dragon (Vaults:3)
  A titan (Vaults:5)
  2 sphinxes
  A thorn hunter (Swamp:1)
  7 nagarajas
  Kirke (Snake:1)
  A tengu reaver (Vaults:4)
  4 fire giants
  A frost giant (Vaults:4)
  2 orc warlords
  7 vault wardens
  Aizul (Snake:2)
  14 ironheart preservers
  2 very ugly things (Vaults:4)
  6 stone giants
  3 entropy weavers
  Nessos (Orc:2)
  2 deep elf annihilators
  An ettin (Vaults:4)
  A blizzard demon (IceCv)
  A crystal guardian (Vaults:4)
  4 great orbs of eyes
  10 yaktaur captains
  A deep elf high priest (Vaults:5)
  13 ogre magi
  Josephine (D:9)
  25 vault guards
  3 ice dragons
  13 naga warriors
  3 catoblepae
  Erica (D:8)
  Harold (Lair:2)
  19 hydras
  2 shambling mangroves
  4 ghost crabs
  8 anacondas
  6 centaur warriors
  40 two-headed ogres
  4 death knights
  4 deep troll shamans
  8 alligators
  7 naga sharpshooters
  2 orc high priests (Vaults:4)
  4 tengu warriors
  A spriggan (Swamp:1)
  6 shock serpents
  Sonja (Lair:3)
  5 deep elf knights
  A shadow wraith (Vaults:1)
  A spriggan druid (Swamp:3)
  An unseen horror (Vaults:1)
  8 deep trolls
  7 skeletal warriors
  8 naga ritualists
  A flayed ghost (Vaults:4)
  2 wizards (Vaults:3)
  2 swamp dragons
  5 deep elf archers
  5 phantasmal warriors
  2 lindwurms (Lair:6)
  Pikel (D:6)
  3 harpies (Vaults:3)
  21 orc knights
  6 mana vipers
  9 ironbrand convokers
  3 spectral hydras (Swamp:4)
  5 deep elf magi
  23 ugly things
  4 orc sorcerers
  A salamander (shapeshifter) (Vaults:3)
  9 cyclopes
  6 elephants
  5 wolf spiders
  2 manticores (Lair:6)
  2 ice statues (IceCv)
  2 salamanders
  39 black mambas
  3 guardian serpents
  12 naga magi
  16 vault sentinels
  A guardian serpent (shapeshifter) (Vaults:1)
  Maurice (D:8)
  A spiny frog (shapeshifter) (Vaults:1)
  Psyche (D:8)
  A gargoyle (D:14)
  17 spiny frogs
  5 swamp worm zombies (Swamp:4)
  A yaktaur (shapeshifter) (Vaults:1)
  6 komodo dragons
  4 rime drakes (Lair:6)
  35 yaktaurs
  13 ice devils (IceCv)
  A rime drake (shapeshifter) (Vaults:3)
  A tengu conjurer (D:14)
  5 freezing wraiths
  A guardian mummy (Vaults:1)
  6 trolls
  A jumping spider (Vaults:4)
  16 blink frogs
  3 hydra zombies (Swamp:4)
  A polar bear (Lair:6)
  A queen bee (D:10)
  Grinder (D:3)
  A tengu simulacrum (Vaults:3)
  8 tyrant leeches
  A blink frog (shapeshifter) (Vaults:3)
  8 hornets
  11 bog bodies
  3 alligator zombies (Swamp:4)
  21 slime creatures
  9 hippogriffs
  2 spectral swamp dragons (Swamp:4)
  4 flying skulls (D:9)
  4 redbacks
  Sigmund (D:3)
  7 shadows
  6 wraiths
  2 tarantellas
  A steam dragon (Lair:6)
  Eustachio (D:4)
  5 basilisks
  11 wyverns
  2 chaos spawn (D:8)
  42 yaks
  8 hungry ghosts
  15 vampire mosquitoes
  14 swamp worms
  19 insubstantial wisps
  54 nagas
  3 acid dragons
  2 wargs
  10 water moccasins
  A water moccasin (shapeshifter) (Vaults:3)
  Duvessa (D:6)
  44 orc warriors
  11 swamp drakes
  5 porcupines
  3 sky beasts
  2 ice beasts
  A black bear (Lair:3)
  2 eyes of draining
  4 swamp dragon zombies (Swamp:4)
  5 boggarts (Vaults:3)
  46 ogres
  7 phantoms
  6 wolves (Lair:3)
  24 centaurs
  6 crocodiles
  Blork the orc (D:6)
  A big kobold (D:11)
  20 bullfrogs
  A deep troll simulacrum (Vaults:2)
  2 wyvern zombies
  Dowan (D:6)
  A water moccasin zombie (D:7)
  3 scorpions
  A water moccasin skeleton (D:9)
  29 killer bees
  2 troll zombies (D:9)
  8 wights (D:9)
  A human simulacrum (Vaults:1)
  3 howler monkeys
  2 electric eels (D:14)
  7 crimson imps
  A bullfrog zombie (D:9)
  5 centaur zombies
  8 jellies
  A lava snake (D:14)
  3 quasits
  3 bullfrog skeletons
  5 centaur skeletons
  2 hounds
  18 orc priests
  10 worker ants
  Jessica (D:2)
  11 orc wizards
  5 iguanas
  A spectral swamp drake (Swamp:4)
  12 hell rats
  A killer bee zombie (D:7)
  4 ogre zombies (D:9)
  3 hound zombies
  3 hound skeletons
  4 worker ant zombies
  8 gnolls
  2 howler monkey skeletons (D:9)
  A swamp drake zombie (Swamp:4)
  11 adders
  6 river rats (Lair:1)
  5 shadow imps
  5 white imps (IceCv)
  6 ufetubi (IceCv)
  5 oozes (D:9)
  An adder zombie (D:9)
  An adder skeleton (D:3)
  7 worms
  4 dart slugs
  5 leopard geckos
  63 orcs
  6 giant cockroaches
  9 goblins
  6 hobgoblins
  17 jackals
  10 kobolds
  4 quokkas
  A ball python (D:6)
  12 bats
  6 frilled lizards
  4 goblin zombies (D:9)
  A hobgoblin zombie (D:9)
  A leopard gecko skeleton (D:5)
  A leopard gecko zombie (D:7)
  3 orc skeletons (D:9)
  11 orc zombies (D:9)
  A quokka skeleton (D:9)
  A quokka zombie (D:9)
  12 rats
  A spectral orc (D:8)
  A fungus (Lair:3)
  4 plants
1466 creatures vanquished.

Vanquished Creatures (collateral kills)
  A bone dragon (Swamp:4)
  Agnes (Snake:2)
  A fire dragon (Lair:6)
  A hydra (Swamp:1)
  A vault guard (Vaults:5)
  A two-headed ogre (D:9)
  An unseen horror (D:12)
  An ironbrand convoker (Vaults:5)
  A naga mage (Snake:2)
  A spectral swamp dragon (Swamp:4)
  A basilisk (Lair:6)
  A phantom (Swamp:4)
  2 crocodiles (Lair:6)
  A howler monkey (D:9)
  2 orc wizards (D:9)
  A hound zombie (D:9)
  A leopard gecko (D:9)
  An orc (D:9)
20 creatures vanquished.

Vanquished Creatures (others)
  2 alligators
  An unseen horror (D:11)
  A spriggan druid (Swamp:2)
  A spiny frog (Swamp:2)
  A slime creature (Swamp:2)
  5 humans (Snake:1)
  A naga (Snake:4)
  An insubstantial wisp (Swamp:2)
  A slave (D:6)
  An ogre (Vaults:5)
  An iguana (Lair:6)
  An adder (D:6)
  3 white imps (IceCv)
  4 ufetubi (IceCv)
  7 fungi
  12 plants
43 creatures vanquished.

Grand Total: 1529 creatures vanquished

Notes
Turn   | Place    | Note
-------+----------+-------------------------------------------
     0 | D:1      | ChadPA the Deep Dwarf Fighter began the quest for the Orb.
     0 | D:1      | Reached XP level 1. HP: 20/20 MP: 1/1
    75 | D:1      | Reached XP level 2. HP: 27/27 MP: 2/2
   618 | D:2      | Reached XP level 3. HP: 30/33 MP: 2/2
   683 | D:2      | Noticed Jessica
   691 | D:2      | Killed Jessica
   725 | D:2      | Reached XP level 4. HP: 27/42 MP: 3/3
   792 | D:2      | Found an iron altar of Okawaru.
   819 | D:2      | Found a burning altar of Makhleb.
   834 | D:2      | Became a worshipper of Makhleb the Destroyer
   897 | D:2      | Found a shimmering blue altar of Sif Muna.
  1096 | D:3      | Found a faded altar of an unknown god.
  1135 | D:3      | Noticed Grinder
  1188 | D:3      | Found an ornate altar of the Wu Jian Council.
  1189 | D:3      | Noticed Sigmund
  1211 | D:3      | Reached XP level 5. HP: 48/49 MP: 3/3
  1219 | D:3      | Killed Sigmund
  1219 | D:3      | Reached XP level 6. HP: 33/57 MP: 4/4
  1268 | D:3      | Paralysed by Grinder for 7 turns
  1443 | D:3      | Found a glowing golden altar of the Shining One.
  1696 | D:4      | Found a glowing silver altar of Zin.
  1709 | D:4      | Noticed Eustachio
  1728 | D:4      | Killed Eustachio
  1728 | D:4      | Reached skill level 5 in Axes
  2190 | D:4      | Reached XP level 7. HP: 55/64 MP: 5/5
  2325 | D:4      | Reached * piety under Makhleb
  2325 | D:4      | Reached skill level 5 in Armour
  2325 | D:4      | Reached skill level 5 in Shields
  2483 | D:4      | Found a shadowy altar of Dithmenos.
  2675 | D:5      | Entered Level 5 of the Dungeon
  2861 | D:5      | Found a staircase to the Ecumenical Temple.
  2870 | D:5      | Reached skill level 1 in Invocations
  2884 | Temple   | Entered the Ecumenical Temple
  2968 | D:5      | Noticed a moth of wrath
  2971 | D:5      | Found a bloodstained altar of Trog.
  2993 | D:5      | Reached XP level 8. HP: 52/73 MP: 6/6
  3188 | D:5      | Found a glowing golden altar of the Shining One.
  3189 | D:5      | Found a sacrificial altar of Ru.
  3665 | D:6      | Found a basalt altar of Yredelemnul.
  3673 | D:6      | Noticed Dowan
  3673 | D:6      | Noticed Duvessa
  3681 | D:6      | Killed Duvessa
  3681 | D:6      | Reached ** piety under Makhleb
  3689 | D:6      | Killed Dowan
  3864 | D:6      | Reached skill level 5 in Fighting
  3939 | D:6      | Noticed Blork the orc
  3958 | D:6      | Killed Blork the orc
  4136 | D:6      | Noticed Pikel
  4158 | D:6      | Killed Pikel
  4158 | D:6      | Gained mutation: You passively map the area around you.
                  | [Deep Dwarf growth]
  4158 | D:6      | Reached XP level 9. HP: 43/81 MP: 7/9
  4701 | D:7      | Reached skill level 5 in Invocations
  4732 | D:7      | Found a snail-covered altar of Cheibriados.
  4832 | D:7      | Found Hiagiumu's Gadget Boutique.
  5241 | D:8      | Reached *** piety under Makhleb
  5331 | D:8      | Found a shimmering altar of Xom.
  5332 | D:8      | Found the +7 mace of Variability {chain chaos}
  5396 | D:8      | Noticed Maurice
  5403 | D:8      | Killed Maurice
  5403 | D:8      | Reached XP level 10. HP: 77/91 MP: 10/10
  5414 | D:8      | Found an opulent altar of Gozag.
  5473 | D:8      | Found a sparkling altar of Nemelex Xobeh.
  5474 | D:8      | Noticed Erica
  5491 | D:8      | Killed Erica
  5491 | D:8      | Reached skill level 10 in Axes
  5693 | D:8      | Found a radiant altar of Vehumet.
  5777 | D:8      | Found an ancient bone altar of Kikubaaqudgha.
  5844 | D:8      | Noticed Psyche
  5851 | D:8      | Killed Psyche
  6024 | D:8      | Found a basalt altar of Yredelemnul.
  6109 | D:8      | Found a stormy altar of Qazlal.
  6247 | D:9      | Found Ynirup's Food Boutique.
  6297 | D:9      | Reached **** piety under Makhleb
  6308 | D:9      | Found a staircase to the Orcish Mines.
  6511 | D:9      | Noticed a two-headed ogre
  6523 | D:9      | Killed a two-headed ogre
  6763 | D:9      | Reached XP level 11. HP: 100/100 MP: 11/11
  6772 | D:9      | Noticed Josephine
  6779 | D:9      | Noticed a skeletal warrior
  6785 | D:9      | Reached ***** piety under Makhleb
  6787 | D:9      | Killed Josephine
  6803 | D:9      | Killed a skeletal warrior
  7366 | D:10     | Entered Level 10 of the Dungeon
  8086 | D:10     | Found a staircase to the Lair.
  8091 | Lair:1   | Entered Level 1 of the Lair of Beasts
  8291 | Lair:1   | Reached XP level 12. HP: 111/111 MP: 14/14
  8697 | Lair:2   | Found a sacrificial altar of Ru.
  8707 | Lair:2   | Noticed an eight-headed hydra
  8715 | Lair:2   | Killed a five-headed hydra
  8856 | Lair:2   | Noticed Harold
  8869 | Lair:2   | Killed Harold
  8980 | Lair:2   | Noticed a seven-headed hydra
  8992 | Lair:2   | Killed a three-headed hydra
  9105 | Lair:3   | Noticed Sonja
  9136 | Lair:2   | Reached skill level 10 in Shields
  9255 | Lair:3   | Reached skill level 10 in Invocations
  9267 | Lair:3   | Reached skill level 10 in Armour
  9286 | Lair:3   | Killed Sonja
  9485 | Lair:3   | Reached ****** piety under Makhleb
  9724 | Lair:3   | Found a staircase to the Snake Pit.
 10201 | Lair:4   | Noticed a four-headed hydra
 10212 | Lair:4   | Killed a one-headed hydra
 10237 | Lair:4   | Noticed a catoblepas
 10343 | Lair:4   | Found a staircase to the Swamp.
 10503 | Lair:4   | Noticed Vufrucs's ghost (journeyman DrTm)
 10506 | Lair:4   | Found a runed translucent gate.
 10506 | Lair:4   | Found a runed translucent gate.
 10506 | Lair:4   | Found a runed translucent gate.
 10543 | Lair:4   | Noticed a death yak
 10544 | Lair:4   | Noticed a catoblepas
 10994 | Lair:4   | Killed a catoblepas
 10994 | Lair:4   | Reached XP level 13. HP: 116/121 MP: 15/15
 11758 | Lair:5   | Found a staircase to the Slime Pits.
 11760 | Lair:5   | Found a viscous altar of Jiyva.
 12347 | Lair:6   | Entered Level 6 of the Lair of Beasts
 12623 | Lair:6   | Identified Sif Muna's Reference Book on the Supportive
                  | Arsonist
 12839 | Lair:6   | Reached skill level 15 in Axes
 13183 | Lair:6   | Found a runed translucent door.
 13189 | Lair:6   | Noticed sneaky's ghost (journeyman MiFi)
 13216 | Lair:6   | Reached skill level 10 in Fighting
 13307 | Lair:6   | Gained mutation: You resist negative energy. (rN+) [Deep
                  | Dwarf growth]
 13307 | Lair:6   | Reached XP level 14. HP: 132/132 MP: 17/17
 14215 | D:11     | You fall into a shaft and drop 3 floors!
 15205 | D:13     | Found Rati Tay's Armour Shoppe.
 15209 | D:13     | Found a gate to the Vaults.
 15344 | D:13     | Found Gianuatomie's Antique Weapon Emporium.
 15429 | D:13     | Found Jekkem's Distillery.
 15448 | D:13     | Bought a potion of resistance for 140 gold pieces
 15784 | D:13     | Found Kil Fogi's Assorted Antiques.
 15789 | D:13     | Bought a scroll labeled XOTORI FEAPRI for 18 gold pieces
 15789 | D:13     | Bought a scroll labeled XOTORI FEAPRI for 18 gold pieces
 15789 | D:13     | Bought a pair of glowing gloves for 135 gold pieces
 16181 | D:13     | Got a transparent ruby amulet
 16183 | D:13     | Identified the amulet of Ageupa Ibea {Harm *Drain +Blink
                  | rF- rN+ Str+4} (You acquired it on level 13 of the Dungeon)
 16600 | D:12     | You fall into a shaft and drop 2 floors!
 17585 | Orc:1    | Entered Level 1 of the Orcish Mines
 17669 | Orc:1    | Reached XP level 15. HP: 140/140 MP: 17/17
 17698 | Orc:1    | Found Tootwes's General Store.
 18048 | Orc:2    | Entered Level 2 of the Orcish Mines
 18135 | Orc:2    | Noticed Nessos
 18148 | Orc:2    | Killed Nessos
 18283 | Orc:2    | Noticed an orc warlord
 18335 | Orc:2    | Killed an orc warlord
 18544 | Orc:2    | Found Ysoas's Magic Scroll Boutique.
 18544 | Orc:2    | Found Xecerumm's Armour Emporium.
 18545 | Orc:2    | Found Kiniest's Book Emporium.
 18545 | Orc:2    | Found Gapeunux's Weapon Shop.
 18555 | Orc:2    | Bought a +2 chain mail of poison resistance for 277 gold
                  | pieces
 18836 | Swamp:1  | Entered Level 1 of the Swamp
 19275 | Orc:2    | Bought 2 scrolls of enchant armour for 180 gold pieces
 19275 | Orc:2    | Bought a scroll of enchant weapon for 90 gold pieces
 19665 | D:3      | You fall into a shaft and drop 1 floor!
 19919 | D:3      | Killed Grinder
 20357 | Swamp:1  | Noticed a thorn hunter
 20383 | Swamp:1  | Killed a thorn hunter
 20907 | Swamp:2  | Reached skill level 1 in Evocations
 21113 | Swamp:2  | Reached XP level 16. HP: 151/151 MP: 18/18
 21587 | Swamp:2  | Got a transparent plate armour
 21785 | Swamp:1  | Identified the cursed +1 plate armour of the Tormentor
                  | {rElec rN+ Int+3 SInv} (You found it on level 2 of the
                  | Swamp)
 22362 | Swamp:3  | Reached skill level 5 in Evocations
 22627 | Swamp:4  | Entered Level 4 of the Swamp
 23580 | Swamp:4  | Reached skill level 1 in Dodging
 23633 | Swamp:4  | Noticed a bone dragon
 23644 | Swamp:4  | Killed a bone dragon
 23689 | Swamp:4  | Got a decaying rune of Zot
 23901 | Snake:1  | Entered Level 1 of the Snake Pit
 24006 | Snake:1  | Noticed Kirke
 24032 | Snake:1  | Killed Kirke
 24048 | Snake:1  | Found Zobeawne's Assorted Antiques.
 24062 | Snake:1  | Bought a dented emerald amulet for 160 gold pieces
 24066 | Snake:1  | Found Imuore's Assorted Antiques.
 24094 | Snake:1  | Bought a moonstone ring for 95 gold pieces
 24134 | Snake:1  | Reached skill level 15 in Invocations
 24266 | Snake:1  | You fall into a shaft and drop 1 floor!
 24300 | Snake:2  | Noticed Agnes
 24311 | Snake:2  | Killed Agnes
 24369 | Snake:2  | Noticed Aizul
 24389 | Snake:2  | Killed Aizul
 24456 | Snake:2  | Found a shimmering blue altar of Sif Muna.
 24601 | Snake:2  | Reached XP level 17. HP: 138/159 MP: 16/16
 24896 | Snake:2  | Found Mirragusm's Gadget Emporium.
 24896 | Snake:2  | Found Cyxetiug's Jewellery Boutique.
 24897 | Snake:2  | Found Xeiw's Gadget Emporium.
 24904 | Snake:2  | Bought the ring "Coigry" {rPois Int+4 Dex+2} for 435 gold
                  | pieces
 25867 | Snake:3  | Found a runed translucent door.
 25870 | Snake:3  | Noticed vinnietd's ghost (adept HaFi)
 26102 | Snake:3  | Reached skill level 10 in Evocations
 26302 | Snake:3  | Found a frozen archway.
 26325 | IceCv    | Entered an ice cave
 26509 | IceCv    | Found the +8 trident of the Octopus King {venom, rElec
                  | rPois MR+}
 26947 | Snake:3  | Reached skill level 5 in Dodging
 27231 | Snake:4  | Entered Level 4 of the Snake Pit
 28658 | Snake:4  | Got a serpentine rune of Zot
 29102 | Snake:2  | Bought the amulet "Gelag Sekhla" {Acrobat rF+ MP+9 Dex+5}
                  | for 807 gold pieces
 29353 | Vaults:1 | Entered Level 1 of the Vaults
 29382 | Vaults:1 | Gained mutation: You passively map a large area around you.
                  | [Deep Dwarf growth]
 29382 | Vaults:1 | Reached XP level 18. HP: 170/170 MP: 17/17
 29646 | Vaults:1 | Found a portal to a secret trove of treasure.
 30213 | Vaults:1 | Reached skill level 15 in Armour
 30386 | Vaults:1 | Reached skill level 15 in Shields
 30860 | Vaults:2 | Found a staircase to the Crypt.
 31454 | Vaults:2 | You fall into a shaft and drop 2 floors!
 31573 | Vaults:4 | Reached XP level 19. HP: 178/178 MP: 18/18
 31979 | Vaults:3 | Reached skill level 15 in Evocations
 32129 | Vaults:3 | Identified the amulet of False Pretenses {Reflect *Slow
                  | rPois Str+9 SH+3}
 33399 | Vaults:4 | Reached skill level 10 in Dodging
 33427 | Vaults:4 | Reached XP level 20. HP: 130/190 MP: 19/19
 33646 | Vaults:4 | Found Kumi's Magic Scroll Shoppe.
 33896 | Vaults:4 | Noticed Frederick
 33910 | Vaults:4 | Killed Frederick
 34021 | Vaults:5 | Entered Level 5 of the Vaults
 34028 | Vaults:5 | Noticed Mennas
 34070 | Vaults:5 | Killed Mennas
 34120 | Vaults:5 | Killed from afar by a lich

Skill      XL: |  1  2  3  4  5  6  7  8  9 10 11 12 13 14 15 16 17 18 19 20 |
---------------+-------------------------------------------------------------+-----
Axes           | 3 4 5 6 8 9 11 12 13 15 16 17 18 | 18.0
Fighting       | 3 4 5 6 7 8 9 10 11 12 13 14 | 14.7
Shields        | 4 5 6 7 8 9 10 11 12 13 14 15 | 15.8
Armour         | 4 5 6 7 8 9 10 11 12 13 14 15 16 17 | 17.0
Invocations    | 2 4 6 7 9 10 12 13 14 15 16 17 18 | 18.8
Evocations     | 2 8 12 14 15 | 15.6
Dodging        | 3 6 8 10 11 | 11.6

Action                   |  1- 3 |  4- 6 |  7- 9 | 10-12 | 13-15 | 16-18 | 19-21 || total
-------------------------+-------+-------+-------+-------+-------+-------+-------++-------
Melee: War axe           |    92 |   116 |   258 |   665 |   620 |       |       ||  1751
       Scimitar          |       |       |       |    13 |    73 |    26 |       ||   112
       Broad axe         |       |       |       |       |   528 |  1700 |   688 ||  2916
Throw: Dart              |       |     6 |     3 |       |       |       |     1 ||    10
Invok: Lesser Servant of |       |       |       |     4 |     6 |     1 |       ||    11
       Minor Destruction |       |       |       |    10 |     7 |       |       ||    17
       Greater Servant o |       |       |       |       |       |     3 |     3 ||     6
       Major Destruction |       |       |       |       |       |     1 |     3 ||     4
 Abil: Heal Wounds       |     1 |     5 |     4 |    10 |     4 |    11 |     1 ||    36
       Evoke Flight      |       |       |       |       |       |     1 |       ||     1
Evoke: Wand              |       |       |       |     5 |     4 |       |     2 ||    11
  Use: Scroll            |       |       |    12 |    11 |    11 |    15 |     4 ||    53
       Potion            |       |       |     1 |       |       |       |     4 ||     5
 Stab: Paralysed         |       |       |       |     2 |     2 |       |       ||     4
       Distracted        |       |       |       |       |     1 |     2 |       ||     3
       Confused          |       |       |       |       |     1 |       |       ||     1
  Eat: Chunk             |       |     4 |     9 |    24 |    28 |    19 |     9 ||    93
       Ration            |       |       |     1 |     2 |     2 |     5 |       ||    10
Armor: Scale mail        |    60 |    56 |    81 |       |       |       |       ||   197
       Plate armour      |       |       |     8 |   323 |   536 |   296 |       ||  1163
       Chain mail        |       |       |       |       |   136 |    60 |       ||   196
       Crystal plate arm |       |       |       |       |       |   301 |   379 ||   680
Dodge: Dodged            |    33 |    35 |    63 |   169 |   426 |   448 |   297 ||  1471
Block: Shield            |    65 |    73 |   145 |   487 |   889 |  1291 |   738 ||  3688
       Rpst.: Scimitar   |       |       |       |     1 |     7 |     1 |       ||     9
